 Dungeon Crawl Stone Soup version 0.25-a0-566-g062765be81 (webtiles) character file.

Game seed: 11087829264858610631, levelgen mode: classic

11244 EnegeticOcto the Cleaver (level 11, -6/104 HPs)
             Began as a Deep Dwarf Fighter on Feb 28, 2020.
             Was a Priest of Makhleb.
             Mangled by an 11-headed hydra (10 damage)
             ... on level 11 of the Dungeon.
             The game lasted 00:05:36 (6578 turns).

EnegeticOcto the Cleaver (Deep Dwarf Fighter)       Turns: 6578, Time: 00:05:37

Health: -6/104     AC: 14    Str: 26    XL:     11   Next: 46%
Magic:  16/16      EV: 10    Int:  9    God:    Makhleb [***...]
Gold:   841        SH: 16    Dex: 12    Spells: 10/10 levels left

rFire    . . .     SeeInvis .   z - +6 war axe
rCold    + + .     Gourm    .   F - +2 kite shield
rNeg     . . .     Faith    .   g - +0 chain mail
rPois    .         Spirit   .   s - +1 helmet
rElec    .         Reflect  +   (no cloak)
rCorr    +         Harm     .   (no gloves)
MR       ++...                  w - +0 pair of boots of the Pleiades {rC+ MR+ Str+3 Stlth-}
Stlth    ..........             a - +3 amulet of reflection
HPRegen  0.00/turn              D - ring of resist corrosion
MPRegen  0.15/turn              r - ring of protection from cold

@: non-regenerating
A: damage resistance, heal wounds, sense surroundings 3, MP-powered wands, no
regeneration
a: Heal Wounds, Minor Destruction, Lesser Servant of Makhleb, Renounce Religion


You were on level 11 of the Dungeon.
You worshipped Makhleb.
Makhleb was most pleased with you.
You were not hungry.

You visited 2 branches of the dungeon, and saw 12 of its levels.

You collected 841 gold pieces.

Inventory:

Hand Weapons
 u - a +0 falchion of distortion
 z - a +6 war axe (weapon)
Missiles
 A - 2 throwing nets (quivered)
Armour
 g - a +0 chain mail (worn)
 s - a +1 helmet (worn)
 w - the +0 pair of boots of the Pleiades (worn) {rC+ MR+ Str+3 Stlth-}
   (You acquired it on level 10 of the Dungeon)

   It affects your strength (+3).
   It protects you from cold.
   It affects your resistance to hostile enchantments.
   It makes you less stealthy.
   If you remove this armour, your AC will decrease by 1 (14 -> 13).
 F - a +2 kite shield (worn)
Jewellery
 a - a +3 amulet of reflection (around neck)
 r - a ring of protection from cold (right hand)
 D - a ring of resist corrosion (left hand)
Wands
 t - a wand of flame (10)
 y - a wand of scattershot (4)
 H - a wand of acid (8) {@v1}
Scrolls
 b - a scroll of enchant armour
 c - a scroll of immolation {@r4}
 d - 4 scrolls of magic mapping {@r5}
 f - 3 scrolls of remove curse {@r6}
 h - 8 scrolls of teleportation {@r2}
 i - 2 scrolls of fog
 l - 3 scrolls of blinking {@r3}
 G - a scroll of summoning
Potions
 j - 8 potions of stabbing {@q5}
 k - 2 potions of might {@q3}
 m - 2 potions of resistance {@q6}
 n - a potion of haste {@q4}
 o - 4 potions of curing {unknown}
 p - a potion of berserk rage {unknown}
 q - a potion of ambrosia
 v - 3 potions of magic
 x - a potion of lignification {@q7}
 B - a potion of cancellation
 E - a potion of flight
Comestibles
 e - 19 rations
 C - 11 chunks of flesh


   Skills:
 * Level 8.7 Fighting
 * Level 10.2 Axes
 + Level 7.7 Armour
 + Level 6.7 Dodging
 + Level 7.8 Shields
 * Level 9.3 Invocations


You had 10 spell levels left.
You didn't know any spells.
Your spell library was empty.

Dungeon Overview and Level Annotations

Branches:
Dungeon (11/15)            Temple (1/1) D:5            Lair (0/6) D:9
    Orc (0/2) D:9

Altars:
Ashenzari
Cheibriados
Dithmenos
Elyvilon
Fedhas
Gozag
Hepliaklqana
Kikubaaqudgha
Makhleb
Nemelex Xobeh
Okawaru
Qazlal
Ru
Trog
Uskayaw
Vehumet
Wu Jian
Xom
Yredelemnul
Zin
The Shining One


Innate Abilities, Weirdness & Mutations

You are resistant to damage.
You can heal yourself by infusing magical energy.
You passively map a large area around you.
You do not regenerate.
You expend magic power (3 MP) to strengthen your wands.


Message History

a kobold corpse Some of the chunks of flesh in your inventory have rotted away.
Things that are here:
6 stones; a kobold corpse You now have 841 gold pieces (gained 17).
As you open the door, it creaks loudly!
There is an open door here.
j - 8 potions of stabbing {@q5} (gained 1)
You open the door.
There is an open door here.
Some of the chunks of flesh in your inventory have rotted away.
A seven-headed hydra comes into view.
The seven-headed hydra roars!
A seven-headed hydra is nearby!
A seven-headed hydra is nearby!
A seven-headed hydra is nearby!
A seven-headed hydra is nearby!
An adder comes into view.
You block the seven-headed hydra's attack.
The seven-headed hydra bites you but does no damage.
The seven-headed hydra closely misses you.
The seven-headed hydra bites you!
You block the seven-headed hydra's attack.
The seven-headed hydra bites you. x2
You chop one of the seven-headed hydra's heads off!
The six-headed hydra grows two more!
You slice the eight-headed hydra!!
The eight-headed hydra is moderately wounded.
You hit the adder but do no damage. The adder bites you but does no damage.
You block the eight-headed hydra's attack. x2
The eight-headed hydra barely misses you. x2
The eight-headed hydra bites you but does no damage.
You block the eight-headed hydra's attack.
The eight-headed hydra bites you but does no damage. x2
You hack one of the eight-headed hydra's heads off!
The seven-headed hydra grows two more!
You slash the nine-headed hydra!
The nine-headed hydra is lightly wounded.
You closely miss the adder. You block the adder's attack.
The nine-headed hydra bites you but does no damage. x2
You block the nine-headed hydra's attack.
The nine-headed hydra closely misses you.
The nine-headed hydra misses you. The nine-headed hydra bites you.
The nine-headed hydra barely misses you.
You block the nine-headed hydra's attack.
The nine-headed hydra bites you.
You chop one of the nine-headed hydra's heads off!
The eight-headed hydra grows two more!
You slash the ten-headed hydra!
The ten-headed hydra is lightly wounded.
You miss the adder. The adder bites you but does no damage.
You block the ten-headed hydra's attack. x2
The ten-headed hydra bites you but does no damage.
The ten-headed hydra bites you!
The ten-headed hydra bites you but does no damage.
You block the ten-headed hydra's attack.
The ten-headed hydra bites you but does no damage. x2
The ten-headed hydra barely misses you. x2
The adder bites you but does no damage.
You lop one of the ten-headed hydra's heads off!
The nine-headed hydra grows two more!
You slash the 11-headed hydra!
The 11-headed hydra is lightly wounded.
You closely miss the adder. The adder misses you.
You block the 11-headed hydra's attack.
The 11-headed hydra bites you but does no damage.
The 11-headed hydra barely misses you. The 11-headed hydra bites you.
The 11-headed hydra barely misses you.
The 11-headed hydra bites you but does no damage.
The 11-headed hydra barely misses you. The 11-headed hydra closely misses you.
You block the 11-headed hydra's attack.
The 11-headed hydra completely misses you.
The 11-headed hydra bites you.
You barely miss the 11-headed hydra.
The 11-headed hydra is lightly wounded.
You hit the adder. The adder bites you but does no damage.
The 11-headed hydra bites you but does no damage.
You block the 11-headed hydra's attack. The 11-headed hydra barely misses you.
The 11-headed hydra bites you but does no damage.
You block the 11-headed hydra's attack. The 11-headed hydra bites you. x2
The 11-headed hydra bites you but does no damage.
The 11-headed hydra bites you! The 11-headed hydra bites you. x2
A demon appears!
The adder closely misses you. The 11-headed hydra closely misses you.
You block the 11-headed hydra's attack. The 11-headed hydra bites you.
The 11-headed hydra bites you but does no damage.
The 11-headed hydra bites you! You block the 11-headed hydra's attack.
The 11-headed hydra bites you but does no damage. x2
You block the 11-headed hydra's attack.
The 11-headed hydra bites you but does no damage.
The 11-headed hydra bites you! The adder closely misses you.
A demon appears!
The adder bites you but does no damage.
You block the 11-headed hydra's attack. x2; The 11-headed hydra bites you! x2
* * * LOW HITPOINT WARNING * * *
The 11-headed hydra bites you!
* * * LOW HITPOINT WARNING * * *
The 11-headed hydra bites you!
* * * LOW HITPOINT WARNING * * *
The 11-headed hydra bites you.
* * * LOW HITPOINT WARNING * * *
The 11-headed hydra bites you. x2
* * * LOW HITPOINT WARNING * * *
You block the 11-headed hydra's attack. The 11-headed hydra bites you!
You die...

#.......# ##.#######*
##'###### #..#### #..#
##....## #.## ####..#
.. ###'### .## #.....#
*** *.######## #.....#
, , * .......3#####
#.....# *
.......@....####.....#
,,
......DS###....'.....#
, , ......3.#
######.....# * *
######.## #.....# * ..
###+### #.#* , ***,
*#'* ** * ** *, ,.. ,
* ** , ** ,, ,,, * *
,,, ,*


You could see a 11-headed hydra, an adder and 2 friendly smoke demons.

Vanquished Creatures
  The ghost of Flugslaktarn the Cleaver, a journeyman FoFi of Makhleb (D:10)
  A two-headed ogre (D:11)
  A rime drake (D:10)
  2 trolls
  A hornet (D:10)
  A hippogriff (D:7)
  10 yaks
  2 wraiths
  Sigmund (D:4)
  3 hogs (D:7)
  A human (D:7)
  Edmund (D:6)
  A water moccasin (D:8)
  2 black bears
  4 sky beasts
  5 orc warriors
  4 phantoms
  5 ogres
  A necrophage (D:9)
  10 ice beasts
  9 centaurs
  A big kobold (D:11)
  6 bullfrogs
  A gnoll sergeant (D:11)
  2 scorpions
  5 wights (D:6)
  2 electric eels (D:9)
  2 howler monkeys (D:6)
  7 crimson imps
  A bullfrog zombie (D:10)
  4 hounds
  3 jellies
  4 orc priests
  A bullfrog skeleton (D:4)
  Terence (D:3)
  Jessica (D:2)
  4 iguanas
  6 orc wizards
  8 worker ants
  3 centaur simulacra (D:10)
  A hound skeleton (D:4)
  A worker ant zombie (D:9)
  5 gnolls (D:11)
  12 adders
  6 shadow imps
  2 white imps (D:10)
  An ooze (D:4)
  A worm (D:3)
  2 dart slugs
  8 leopard geckos
  37 orcs
  2 giant cockroaches
  2 goblins (D:3)
  4 hobgoblins (D:3)
  13 jackals
  2 quokkas
  A ball python (D:7)
  5 bats
  2 frilled lizards (D:3)
  13 kobolds
  4 rats
252 creatures vanquished.

Vanquished Creatures (others)
  2 centaurs (D:9)
2 creatures vanquished.

Grand Total: 254 creatures vanquished

Notes
Turn   | Place    | Note
-------+----------+-------------------------------------------
     0 | D:1      | EnegeticOcto the Deep Dwarf Fighter began the quest for the
                  | Orb.
     0 | D:1      | Reached XP level 1. HP: 20/20 MP: 1/1
   122 | D:2      | Noticed Jessica
   130 | D:2      | Reached XP level 2. HP: 25/27 MP: 2/2
   132 | D:2      | Killed Jessica
   132 | D:2      | Reached skill level 1 in Dodging
   132 | D:2      | Reached XP level 3. HP: 23/34 MP: 3/3
   205 | D:2      | Reached skill level 3 in Axes
   252 | D:3      | Noticed Terence
   259 | D:3      | Killed Terence
   259 | D:3      | Reached XP level 4. HP: 42/42 MP: 4/4
   566 | D:4      | Reached XP level 5. HP: 47/49 MP: 5/5
   805 | D:4      | Noticed an ogre
   817 | D:4      | Killed an ogre
   817 | D:4      | Reached skill level 4 in Axes
   817 | D:4      | Reached XP level 6. HP: 29/57 MP: 6/6
  1355 | D:4      | Noticed Sigmund
  1374 | D:4      | Killed Sigmund
  1374 | D:4      | Reached skill level 5 in Axes
  1374 | D:4      | Reached XP level 7. HP: 46/66 MP: 7/7
  1435 | D:5      | Entered Level 5 of the Dungeon
  1448 | D:5      | Found a white marble altar of Elyvilon.
  1550 | D:5      | Found a staircase to the Ecumenical Temple.
  1561 | D:5      | Found a sacrificial altar of Ru.
  1561 | D:5      | Found a shimmering altar of Xom.
  1562 | D:5      | Found a shattered altar of Ashenzari.
  1581 | Temple   | Entered the Ecumenical Temple
  2085 | D:6      | Reached skill level 5 in Fighting
  2096 | D:6      | Noticed Edmund
  2110 | D:6      | Killed Edmund
  2110 | D:6      | Reached skill level 6 in Axes
  2110 | D:6      | Reached skill level 5 in Armour
  2110 | D:6      | Reached skill level 5 in Shields
  2110 | D:6      | Reached XP level 8. HP: 49/74 MP: 8/8
  2663 | D:2      | Found a burning altar of Makhleb.
  2663 | D:2      | Noticed a cacodemon
  2701 | D:2      | Became a worshipper of Makhleb the Destroyer
  2959 | D:6      | Reached skill level 1 in Invocations
  3108 | D:6      | Reached skill level 7 in Axes
  3235 | D:7      | Gained mutation: You passively map the area around you.
                  | [Deep Dwarf growth]
  3235 | D:7      | Reached XP level 9. HP: 42/82 MP: 11/11
  3333 | D:7      | Reached * piety under Makhleb
  3959 | D:7      | Reached skill level 5 in Dodging
  3959 | D:7      | Reached skill level 5 in Invocations
  4014 | D:7      | Reached skill level 8 in Axes
  4199 | D:7      | Reached XP level 10. HP: 62/94 MP: 14/14
  4456 | D:8      | Found a sparkling altar of Nemelex Xobeh.
  4456 | D:8      | Found a burning altar of Makhleb.
  4466 | D:8      | Found an ornate altar of the Wu Jian Council.
  4782 | D:8      | Reached ** piety under Makhleb
  5103 | D:9      | Found a staircase to the Orcish Mines.
  5199 | D:9      | Reached skill level 9 in Axes
  5229 | D:9      | Found a staircase to the Lair.
  5244 | D:9      | Found a hazy altar of Hepliaklqana.
  5354 | D:9      | Gained mutation: You passively map a large area around you.
                  | [potion of mutation]
  5354 | D:9      | Gained mutation: You expend magic power (3 MP) to
                  | strengthen your wands. [potion of mutation]
  5527 | D:10     | Entered Level 10 of the Dungeon
  5562 | D:10     | Found a runed translucent gate.
  5562 | D:10     | Found a runed translucent gate.
  5562 | D:10     | Found a runed translucent gate.
  5781 | D:10     | Noticed Flugslaktarn's ghost (journeyman FoFi)
  6122 | D:10     | Killed Flugslaktarn's ghost
  6122 | D:10     | Reached XP level 11. HP: 80/104 MP: 15/15
  6127 | D:10     | Reached *** piety under Makhleb
  6166 | D:10     | Identified a scroll of acquirement
  6166 | D:10     | Identified the ring "Desolofu" {rPois rN+} (You acquired it
                  | on level 10 of the Dungeon)
  6166 | D:10     | Identified the +0 pair of boots of the Pleiades {rC+ MR+
                  | Str+3 Stlth-} (You acquired it on level 10 of the Dungeon)
  6166 | D:10     | Identified the +0 broad axe of Hard Scrabble {drain, rN+}
                  | (You acquired it on level 10 of the Dungeon)
  6353 | D:11     | Reached skill level 10 in Axes
  6427 | D:11     | Noticed a two-headed ogre
  6434 | D:11     | Killed a two-headed ogre
  6568 | D:11     | Noticed a seven-headed hydra
  6578 | D:11     | HP: 4/104 [11-headed hydra (4)]
  6578 | D:11     | Mangled by an 11-headed hydra

Levels and vault maps discovered:
D:1:      dpeg_arrival_central, layout_loops_corners, minmay_quantized
D:2:      layout_basic, led_sif_pool, makhleb_altar_promises_db, uniq_jessica
D:3:      layout_rooms, uniq_terence
D:4:      minmay_polygon_palace, layout_basic, first_ration, uniq_sigmund
D:5:      layout_rooms, gammafunk_temple_overflow_claw, lemuel_doored_altar,
          minmay_temple_entry_crystal_x
D:6:      layout_rooms, uniq_edmund
D:7:      layout_basic, serial_rivers, chequers_serial_rivers_micro_a,
          chequers_serial_rivers_micro_e, chequers_serial_rivers_marsh,
          chequers_serial_rivers_micro_c, grunt_livestock, dk_rats_in_the_wall
D:8:      layout_gridville, grunt_temple_overflow_open,
          kennysheep_generic_room_11
D:9:      layout_basic, kennysheep_mini_moat, lair_entry_dummy,
          chequers_mini_garden
D:10:     layout_rooms, gammafunk_ghost_icy, minmay_misc_feat_secret_circle
D:11:     layout_roguey, basic_altar, serial_shops, nicolae_shop_statue_plus,
          kennysheep_generic_room_13, uniq_harold
Temple:   dshaligram_water_room_temple

Skill      XL: |  1  2  3  4  5  6  7  8  9 10 11 |
---------------+----------------------------------+-----
Fighting       | 3 4 5 6 7 8 |  8.7
Dodging        | 1 2 3 4 5 6 |  6.7
Axes           | 3 4 5 6 7 8 9 10 | 10.2
Shields        | 4 5 6 7 |  7.8
Armour         | 4 5 6 7 |  7.7
Invocations    | 3 6 8 9 |  9.3

Action                   |  1- 3 |  4- 6 |  7- 9 | 10-12 || total
-------------------------+-------+-------+-------+-------++-------
Melee: War axe           |    34 |   130 |   305 |   381 ||   850
Invok: Lesser Servant of |       |       |       |     2 ||     2
 Abil: Heal Wounds       |     1 |     4 |    10 |    10 ||    25
  Use: Scroll            |       |       |    13 |    11 ||    24
       Potion            |       |       |       |     1 ||     1
  Eat: Chunk             |       |     2 |     9 |     9 ||    20
Armor: Scale mail        |    21 |    41 |    64 |       ||   126
       Chain mail        |       |       |    67 |   155 ||   222
Dodge: Dodged            |     7 |    48 |    83 |   141 ||   279
Block: Kite shield       |    19 |    66 |   199 |   312 ||   596
       Reflection        |       |       |     5 |    19 ||    24

Table legend:
 A = Non-vault XP
 B = Vault XP
 C = Vault XP percentage of total XP
 D = Non-vault monster count
 E = Vault monster count
 F = Vault count percentage of total count
                 A         B        C        D         E       F
            +---------+---------+-------+---------+---------+-------
      Total |   11495 |    4569 |  28.4 |     225 |      29 |  11.4
            +---------+---------+-------+---------+---------+-------
        D:1 |       2 |       0 |   0.0 |       2 |       0 |   0.0
        D:2 |      47 |      37 |  44.0 |      13 |       1 |   7.1
        D:3 |      50 |      38 |  43.2 |      21 |       1 |   4.5
        D:4 |     264 |     454 |  63.2 |       8 |       9 |  52.9
        D:5 |     174 |       0 |   0.0 |      11 |       0 |   0.0
        D:6 |    1471 |     178 |  10.8 |      33 |       1 |   2.9
        D:7 |    1842 |     999 |  35.2 |      27 |       5 |  15.6
        D:8 |     881 |       0 |   0.0 |      23 |       0 |   0.0
        D:9 |    1677 |       0 |   0.0 |      17 |       0 |   0.0
       D:10 |    2469 |    1964 |  44.3 |      39 |      11 |  22.0
       D:11 |    2618 |     899 |  25.6 |      31 |       1 |   3.1
            +---------+---------+-------+---------+---------+-------
